Cogmind - Beta 16.1 @@@ ROGUE MODE // 2026.03.01 @ 15:05:07 Player: ILikeVoltron Result: Self-destructed Performance ------------- Evolutions (4) 2000 Regions Visited (6) 1200 Robots Destroyed (103) 515 Value Destroyed (3134) 3134 Prototype IDs (3) 60 Alien Tech Used (0) 0 Bonus (537) 537 TOTAL SCORE: 7446 Bonus ------- High Alert Combat Kills 117 Follower Combat Kills 420 Cogmind --------- Core Integrity 136/850 Matter 0/300 Energy 100/100 System Corruption 27% Temperature Cool (0) Movement Core (50) Location -6/Extension Parts ------- > --- POWER (2) -------- (None) > --- PROPULSION (6) --- (None) > --- UTILITY (4) ------ (None) > --- WEAPON (3) ------- (None) > --- INVENTORY (5) ---- Advanced Targeting Computer Hardened Heavy Armor Plating Proton Missile Launcher Plasma Cutter Peak State ------------ > --- POWER ------------ Angular Momentum Engine Neutrino Core > --- PROPULSION ------- Armored Huge Wheel Armored Huge Wheel Armored Huge Wheel > --- UTILITY ---------- High-capacity Storage Unit Energy Well Machine Analyzer Advanced Targeting Computer > --- WEAPON ----------- Phasing Sabre Phasing Sabre Phasing Sabre > --- INVENTORY -------- Carbon-fiber Leg Carbon-fiber Leg Armored Wheel Huge Storage Unit Advanced Terrain Scanner Terrain Scan Processor Advanced Targeting Computer Transmission Jammer Core Shielding Hardened Heavy Armor Plating Layered Medium Armor Plating Heavy Laser Gauss Rifle Gauss Cannon Proton Missile Launcher Improved Grenade Launcher Thermoblaster Plasma Cutter Phasing Sabre [Rating: 72] Favorites ----------- Power Neutrino Core Engine Reinforced Ion Engine Power Core Neutrino Core Propulsion Armored Huge Wheel Treads Light Treads Leg Aluminum Leg Wheel Armored Huge Wheel Utility High-capacity Storage Unit Device Seismic Detector Storage High-capacity Storage Unit Processor Machine Analyzer Protection Light Armor Plating Weapon Thermoblaster Energy Cannon EM Pulse Cannon Ballistic Gun Minigun Ballistic Cannon Improved Light Cannon Launcher Thermoblaster Special Weapon Mining Laser Impact Weapon Powered Hammer Slashing Weapon Phasing Sabre Build | -11 -10 -9 -8 -7 -6 -6 ------- Run | Yrd Mat Mat Mat Fac Fac Ext Slots Evolved 8 | . . 2 2 2 2 . Power 1 | . . . . 1 . . Propulsion 4 | . . 1 1 . 2 . Utility 2 | . . 1 1 . . . Weapon 1 | . . . . 1 . . Parts Attached 80 | 1 . 14 24 25 5 11 Power 11 | . . 1 1 6 . 3 Engine 8 | . . 1 1 4 . 2 Core 3 | . . . . 2 . 1 Reactor . | . . . . . . . Propulsion 20 | . . 5 9 3 3 . Treads 10 | . . 3 7 . . . Leg 1 | . . . 1 . . . Wheel 9 | . . 2 1 3 3 . Hover . | . . . . . . . Flight . | . . . . . . . Utility 26 | 1 . 5 9 8 2 1 Device 12 | 1 . 1 4 4 1 1 Storage 6 | . . 3 1 2 . . Processor 4 | . . . 2 2 . . Hackware . | . . . . . . . Protection 4 | . . 1 2 . 1 . Artifact . | . . . . . . . Weapon 23 | . . 3 5 8 . 7 Energy Gun . | . . . . . . . Energy Cannon 1 | . . . 1 . . . Ballistic Gun 8 | . . . 3 3 . 2 Ballistic Cannon 2 | . . 2 . . . . Launcher 3 | . . 1 . . . 2 Special Weapon 2 | . . . 1 1 . . Impact Weapon 3 | . . . . 3 . . Slashing Weapon 4 | . . . . 1 . 3 Piercing Weapon . | . . . . . . . Special Melee Weapon . | . . . . . . . Unidentified Prototypes . | . . . . . . . Parts Lost 68 | . . 6 16 14 6 26 Power 11 | . . 1 1 5 2 2 Propulsion 18 | . . 2 7 1 2 6 Utility 21 | . . 1 5 5 . 10 Weapon 18 | . . 2 3 3 2 8 Highest Loss Streak 15 | . . 4 11 6 6 15 To Critical Strikes 1 | . . 1 . . . . Average Backups 17 | 7 7 8 17 13 16 18 Power . | 1 1 . . . . . Propulsion 2 | 4 2 1 2 2 2 2 Utility 7 | . 2 3 4 3 6 8 Weapon 5 | 1 2 1 8 6 6 6 Tool/Special . | . . . . . . . Unused Backups 10 | . . 1 2 3 . 4 Power . | . . . . . . . Propulsion 2 | . . . . 1 . 1 Utility 4 | . . 1 . . . 3 Weapon 4 | . . . 2 2 . . Tool/Special . | . . . . . . . Average Slot Usage (%) 42 | . 100 80 96 81 76 25 Engine 3 | . 14 10 8 10 5 . Core 4 | . . . . 2 5 5 Treads 2 | . . 3 33 1 . . Leg 1 | . 28 12 . . . . Wheel 3 | . . 5 . 14 18 2 Device 2 | . 14 15 10 7 3 . Storage 7 | . 14 11 9 8 6 6 Processor 3 | . . . 11 11 13 1 Ballistic Gun 2 | . 28 14 2 8 . . Ballistic Cannon 1 | . . 4 13 . . . Launcher 4 | . . 1 . . . 5 Impact Weapon 2 | . . . . 13 18 . Peak Build Rating 72 | 8 8 13 27 53 61 72 Average Rating 25 | 7 7 9 19 43 56 24 On Entrance 22 | 6 8 8 13 27 53 45 Avg Prop Armor Cover (%) 13 | . . 3 2 13 . 17 Naked Turns . | . . . . . . . Heaviest Build 101 | 15 15 30 101 73 60 84 Greatest Support 86 | 20 20 66 86 56 84 84 Greatest Overweight (x) 5 | . . 2 4 5 2 2 Average Overweight (x) . | . . . . . . . Largest Inventory Capacity 25 | 8 8 15 25 20 20 25 Average Capacity 19 | 8 8 12 20 18 20 20 Most Carried 23 | 8 8 10 23 20 20 20 Average Carried 18 | 7 7 8 17 15 19 19 Final Capacity 20 | 8 8 10 15 20 20 5 Final Carried 20 | 8 8 10 15 20 16 5 Class Distribution -------------------- 79% | Mutant 15% | Scavenger-Mutant 3% | Scavenger-Skirmisher Dominant Class ---------------- Mutant | -10/Materials Mutant | -9/Materials Scavenger-Mutant | -8/Materials Scavenger-Mutant | -7/Factory Mutant | -6/Factory Mutant | -6/Extension Resources | -11 -10 -9 -8 -7 -6 -6 ----------- Run | Yrd Mat Mat Mat Fac Fac Ext Matter Collected 2316 | 366 . 369 772 442 11 356 Remotely 334 | 166 . 168 . . . . Salvage Created 3792 | 242 . 633 1009 1223 60 625 Parts 206 | 17 . 48 54 52 10 25 Haulers Intercepted 4 | . . 3 . 1 . . Recyclers Shooed 4 | . . 3 . . . 1 Parts Field Recycled . | . . . . . . . Retrieved Matter . | . . . . . . . Parts Self-Destructed . | . . . . . . . Prevented . | . . . . . . . Parts Restored . | . . . . . . . Kills | -11 -10 -9 -8 -7 -6 -6 ------- Run | Yrd Mat Mat Mat Fac Fac Ext Combat Hostiles Destroyed 71 | . . 17 25 20 4 5 Melee 10 | . . . . 8 . 2 Guns 25 | . . 10 8 5 . 2 Cannons 15 | . . 2 12 . . 1 AOE 14 | . . 5 5 . 4 . Classes Destroyed 15 | 3 . 5 4 3 . . Worker 6 | 2 . 2 . 2 . . Builder 8 | . . . 1 3 2 2 Tunneler 6 | 5 . . . 1 . . Hauler 4 | . . 3 . 1 . . Recycler 5 | 1 . . . 2 . 2 Mechanic 1 | . . . . 1 . . Watcher 2 | . . 1 1 . . . Swarmer 17 | . . 7 2 4 4 . Grunt 28 | . . 7 10 8 . 3 Brawler 3 | . . . 3 . . . Duelist 3 | . . . 1 2 . . Sentry 12 | . . 3 5 3 . 1 Specialist 4 | . . . 4 . . . Hunter 2 | . . . . 1 . 1 Programmer 2 | . . . . 2 . . Best Kill Streak 11 | 3 . 11 7 7 6 2 Combat Bots Only 9 | . . 9 7 5 4 2 Max Kills in Single Turn 4 | 1 . 4 1 1 2 1 Gunslinging . | . . . . . . . Exploded 2 | . . 2 1 . 2 . Melee 1 | . . . . 1 . 1 Uniques/NPCs Destroyed . | . . . . . . . Combat | -11 -10 -9 -8 -7 -6 -6 -------- Run | Yrd Mat Mat Mat Fac Fac Ext Hostile Shots Fired 626 | . . 100 187 199 42 98 Missed 170 | . . 29 39 52 15 35 Hits 456 | . . 71 148 147 27 63 Melee 15 | . . . 5 10 . . Projectile 441 | . . 71 143 137 27 63 Critical Strikes 12 | . . 3 5 3 . 1 Damage Taken 7909 | . . 790 2136 2229 578 2176 Core 1385 | . . 189 234 248 81 633 Absorbed by Shields 256 | . . . 256 . . . Core Remaining (%) 74 | 100 100 52 57 64 . . Volleys Fired 211 | 26 . 46 70 27 8 34 Largest 3 | 2 . 2 2 3 1 2 Hottest 260 | 40 . 66 100 100 33 260 Shots Fired 370 | 52 . 86 127 54 8 43 Gun 220 | 52 . 76 26 45 . 21 Cannon 98 | . . 4 94 . . . Launcher 41 | . . 6 5 . 8 22 Special 11 | . . . 2 9 . . Kinetic 308 | 52 . 80 110 45 . 21 Thermal 29 | . . . 2 9 . 18 Explosive 19 | . . 6 5 . 8 . Electromagnetic 14 | . . . 10 . . 4 Robot Hit Streak 26 | 5 . 8 14 26 8 19 Robot Miss Streak 5 | 2 . 5 5 1 2 1 Penetration Max . | . . . . . . . Secondary Targets 9 | . . 4 4 1 . . Max Gunslinging Chain 1 | . . 1 1 1 . . Shots Hit Robots 279 | 31 . 48 78 85 3 34 Core Hits 148 | 9 . 38 43 26 17 15 Critical Kills 1 | . . . . 1 . . Critical Parts Destroyed 7 | 1 . . . 6 . . Critical Strikes 13 | 1 . . 3 7 . 2 Destroy 1 | 1 . . . . . . Blast 2 | . . . 2 . . . Corrupt 1 | . . . 1 . . . Smash 7 | . . . . 7 . . Sever 2 | . . . . . . 2 Melee Attacks 119 | . . . . 96 8 15 Impact 99 | . . . . 87 8 4 Slashing 20 | . . . . 9 . 11 Piercing . | . . . . . . . Sneak Attacks 15 | . . . . 9 . 6 Combat Hostiles . | . . . . . . . Follow-up Attacks 12 | . . . . 10 . 2 Damage Inflicted 8312 | 370 . 1156 1932 3042 584 1228 Guns 2299 | 370 . 599 400 648 . 282 Cannons 1222 | . . 45 1177 . . . Explosions 1585 | . . 512 355 . 518 200 Melee 3206 | . . . . 2394 66 746 Ramming . | . . . . . . . Kinetic 3309 | 370 . 644 1365 648 . 282 Thermal 153 | . . . 98 . . 55 Explosive 1287 | . . 512 257 . 518 . Electromagnetic 357 | . . . 212 . . 145 Impact 2592 | . . . . 2219 66 307 Slashing 614 | . . . . 175 . 439 Piercing . | . . . . . . . Highest Corruption 27 | . . . . 5 . 27 Average Corruption 25 | . . . . 4 . 26 Corruption Purged . | . . . . . . . Corruption Blocked . | . . . . . . . Effects 236 | . . . . 13 . 223 Message Errors 84 | . . . . 2 . 82 Matter Fused 23 | . . . . 6 . 17 Heat Flow Errors 36 | . . . . 1 . 35 Energy Discharges 40 | . . . . 3 . 37 Data Loss (minor) 29 | . . . . 1 . 28 Data Loss (major) 20 | . . . . . . 20 Alerts 4 | . . . . . . 4 Overload Shots . | . . . . . . . Overflow Damage 1036 | . . 8 19 818 43 148 Projectiles 9 | . . . 4 5 . . Explosions 86 | . . 8 15 . 43 20 Melee 941 | . . . . 813 . 128 Knockbacks 25 | . . . 10 13 1 1 Impact 13 | . . . . 12 1 . Kinetic 10 | . . . 10 . . . Secondary 2 | . . . . 1 . 1 Self-Inflicted Damage 329 | . . 50 140 . 139 . Shots 8 | . . 2 2 . 4 . Rammed . | . . . . . . . Targets Rammed . | . . . . . . . Kicked . | . . . . . . . Crushed . | . . . . . . . Highest Temperature 1083 | . . 26 279 202 6 1083 Average Temperature 158 | . . 12 92 80 3 223 Received Heat Transfer 1823 | . . 303 779 411 99 231 Effects 35 | . . . . . . 35 Shutdowns 15 | . . . . . . 15 Interference 3 | . . . . . . 3 Matter Decay 6 | . . . . . . 6 Short Circuit 5 | . . . . . . 5 Damage (minor) 3 | . . . . . . 3 Damage (major) 2 | . . . . . . 2 Damage (core) 1 | . . . . . . 1 Siege Activations . | . . . . . . . Martial Activations . | . . . . . . . Shielding Activations . | . . . . . . . Robots Disrupted . | . . . . . . . Combat Hostiles . | . . . . . . . Robots Corrupted 11 | . . . . 10 . 1 Combat Hostiles 7 | . . . . 7 . . Parts Fried 31 | . . . 2 26 . 3 Impact Corruptions 29 | . . . . 28 . 1 Robots Melted . | . . . . . . . Combat Hostiles . | . . . . . . . Parts Melted . | . . . . . . . Heat Transferred 130 | . . . 50 . . 80 Parts Sabotaged . | . . . . . . . Parts Stolen . | . . . . . . . Parts Stripped . | . . . . . . . Power Chain Reactions . | . . . . . . . Alert | -11 -10 -9 -8 -7 -6 -6 ------- Run | Yrd Mat Mat Mat Fac Fac Ext Maximum Alert Level 2 | . . 1 2 1 . . Low Security (%) 89 | 100 100 71 24 76 100 100 Level 1 8 | . . 28 50 23 . . Level 2 1 | . . . 24 . . . Level 3 . | . . . . . . . Level 4 . | . . . . . . . Level 5 . | . . . . . . . High Security . | . . . . . . . Max Security . | . . . . . . . Peak Influence 514 | 10 5 344 514 325 126 186 Initial 228 | . 3 . 138 228 53 42 Average 53 | 3 . 124 300 153 40 6 Influence Increases 2799 | 40 5 524 866 666 160 538 Destroy 0b10 Robot/C 1640 | . . 340 500 400 80 320 Destroy 0b10 Robot/NC 170 | 40 . 30 10 50 10 30 Destroy Leader 344 | . . 78 142 82 10 32 Allied During Kill 101 | . . . . . . 101 Successful Hack 55 | . 5 . 12 24 . 14 Disable Machine 120 | . . 30 60 . 30 . Destroy Structure 174 | . . 46 52 20 30 26 Lose Combat Pursuer 195 | . . . 90 90 . 15 Influence Decreases 2799 | 35 10 196 692 1058 184 624 Entered New Map 567 | . 2 . 190 274 57 44 Time Decay 1419 | 35 8 136 342 494 77 327 Lost Part 480 | . . 60 160 140 50 70 Lost Ally 183 | . . . . . . 183 Purge Threat 150 | . . . . 150 . . Squads Dispatched 20 | . . 2 8 7 1 2 Investigation 1 | . . . 1 . . . Extermination 3 | . . . . 3 . . Reinforcement 10 | . . 2 4 1 1 2 Assault . | . . . . . . . Garrison 6 | . . . 3 3 . . Intercept . | . . . . . . . Searches Triggered . | . . . . . . . Construction Impeded 3 | . . . . 1 1 1 Haulers Reinforced . | . . . . . . . Active Scanning Responses . | . . . . . . . Cargo Convoy Interrupts . | . . . . . . . Stealth | -11 -10 -9 -8 -7 -6 -6 --------- Run | Yrd Mat Mat Mat Fac Fac Ext Distress Signals 13 | . . 3 4 1 2 3 Communications Jammed . | . . . . . . . Distress Signals . | . . . . . . . Times Spotted 116 | . 1 23 34 36 8 14 Peak Tracking Total 11 | . 2 6 6 11 5 4 Tactical Retreats 10 | . . . 5 4 . 1 Traps | -11 -10 -9 -8 -7 -6 -6 ------- Run | Yrd Mat Mat Mat Fac Fac Ext Traps Triggered 3 | . . . . 3 . . Indirectly . | . . . . . . . Trap Hack Attempts . | . . . . . . . Triggered . | . . . . . . . Disarmed . | . . . . . . . Reprogrammed . | . . . . . . . Reused . | . . . . . . . Traps Extracted . | . . . . . . . Installed . | . . . . . . . Triggered . | . . . . . . . Machines | -11 -10 -9 -8 -7 -6 -6 ---------- Run | Yrd Mat Mat Mat Fac Fac Ext Machines Disabled 8 | . . 2 4 . 2 . Max in Single Turn 2 | . . 1 2 . 1 . Machines Repaired . | . . . . . . . Machines Dismantled . | . . . . . . . Machines Sabotaged . | . . . . . . . Overloaded Fab Kills . | . . . . . . . Hacking | -11 -10 -9 -8 -7 -6 -6 --------- Run | Yrd Mat Mat Mat Fac Fac Ext Machines Accessed 18 | . 2 2 5 6 1 2 Terminals 11 | . 2 1 2 3 1 2 Fabricators 1 | . . . . 1 . . Repair Stations 1 | . . . 1 . . . Recycling Units 1 | . . 1 . . . . Scanalyzers 3 | . . . 1 2 . . Garrison Access 1 | . . . 1 . . . Total Hacks 32 | . 3 3 11 9 2 4 Successful 16 | . 2 3 4 5 . 2 Failed 16 | . 1 . 7 4 2 2 Catastrophic 5 | . . . 4 . 1 . Database Lockouts . | . . . . . . . Manual 2 | . 1 . . 1 . . Terminals 16 | . 3 1 2 4 2 4 Fabricators 1 | . . . . 1 . . Repair Stations 3 | . . . 3 . . . Recycling Units 2 | . . 2 . . . . Scanalyzers 7 | . . . 3 4 . . Garrison Access 3 | . . . 3 . . . Terminal Hacks 8 | . 2 1 . 3 . 2 Prototype ID Bank 1 | . . 1 . . . . Open Door 2 | . . . . . . 2 Branch Access Points 1 | . 1 . . . . . Alert Level 1 | . . . . 1 . . Unreport Threat 1 | . . . . 1 . . Locate Traps 1 | . . . . 1 . . Zone Layout 1 | . 1 . . . . . Fabricator Hacks . | . . . . . . . Repair Station Hacks 1 | . . . 1 . . . Scan Component 1 | . . . 1 . . . Recycling Unit Hacks 2 | . . 2 . . . . Report Inventory 1 | . . 1 . . . . Retrieve Components 1 | . . 1 . . . . Scanalyzer 5 | . . . 3 2 . . Retrieve Study 5 | . . . 3 2 . . Garrison Access Hacks . | . . . . . . . Unauthorized Hacks . | . . . . . . . Terminals . | . . . . . . . Fabricators . | . . . . . . . Repair Stations . | . . . . . . . Recycling Units . | . . . . . . . Scanalyzers . | . . . . . . . Garrison Access . | . . . . . . . Data Cores Recovered . | . . . . . . . Used . | . . . . . . . Hacking Detections 12 | . 1 1 4 4 1 1 Full Trace Events 1 | . . . 1 . . . Feedback Events . | . . . . . . . Feedback Blocked . | . . . . . . . Robot Schematics Acquired . | . . . . . . . Robots Built . | . . . . . . . Authchips . | . . . . . . . Time . | . . . . . . . Total Robot Build Rating . | . . . . . . . Part Schematics Acquired . | . . . . . . . Parts Built . | . . . . . . . Authchips . | . . . . . . . Time . | . . . . . . . Total Part Build Rating . | . . . . . . . Part Studies Acquired 5 | . . . 3 2 . . Parts Repaired . | . . . . . . . Time . | . . . . . . . Parts Recycled . | . . . . . . . Recycled Matter . | . . . . . . . Retrieved Matter . | . . . . . . . Retrieved Components 10 | . . 10 . . . . Parts Scanalyzed . | . . . . . . . Part Schematics Acquired . | . . . . . . . Parts Damaged . | . . . . . . . Bothacking | -11 -10 -9 -8 -7 -6 -6 ------------ Run | Yrd Mat Mat Mat Fac Fac Ext Used RIF Installer . | . . . . . . . Robots Hacked . | . . . . . . . Non-combat . | . . . . . . . Combat . | . . . . . . . Robot Hacks Applied . | . . . . . . . Relay Couplers Released . | . . . . . . . Fabnet Peak Effective % . | . . . . . . . Robots Rewired 10 | . . . . . . 10 Allies Hacked . | . . . . . . . Hacks Repelled . | . . . . . . . Allies | -11 -10 -9 -8 -7 -6 -6 -------- Run | Yrd Mat Mat Mat Fac Fac Ext Total Allies 11 | . . . . . . 11 Largest Group 8 | . . . . . . 8 Highest-Rated Group 242 | . . . . . . 242 Highest-Rated Ally 39 | . . . . . . 39 Total Orders . | . . . . . . . Ally Attacks 92 | . . . . . . 92 Total Damage 1580 | . . . . . . 1580 Kills 13 | . . . . . . 13 Allies Corrupted . | . . . . . . . Allies Melted 1 | . . . . 1 . . Intel | -11 -10 -9 -8 -7 -6 -6 ------- Run | Yrd Mat Mat Mat Fac Fac Ext Active Infowar (turns) 2465 | . . . 658 1034 164 609 Terrain 487 | . . . . 383 98 6 Seismic 658 | . . . 658 . . . Machine Analysis 1515 | . . . . 742 164 609 Robot Analysis Total . | . . . . . . . Derelict Logs Recovered . | . . . . . . . Drone Launches . | . . . . . . . Drone Recoveries . | . . . . . . . Exploration | -11 -10 -9 -8 -7 -6 -6 ------------- Run | Yrd Mat Mat Mat Fac Fac Ext Turns Passed 9999 | 148 162 421 772 1303 164 7029 Spaces Moved 1864 | 41 133 196 283 792 109 310 Core 2 | . . 2 . . . . Treads 306 | . . 27 278 1 . . Legs 286 | 41 133 112 . . . . Wheels 1270 | . . 55 5 791 109 310 Hover . | . . . . . . . Flight . | . . . . . . . Fastest Speed 80 | 120 120 80 140 100 100 100 Average Speed 120 | 120 120 125 177 109 101 103 Slowest Speed 200 | 120 120 190 200 200 130 130 Overloaded Moves . | . . . . . . . Propulsion Burnouts . | . . . . . . . Robots Hopped . | . . . . . . . Potential Cave-ins 14 | . . . . . . 14 Cave-ins Triggered 6 | . . . . . . 6 Exploration Rate (%) 22 | 4 25 28 31 29 4 38 Regions Visited 6 Branch Regions 1 Pre-discovered Areas . | . . . . . . . Known Exits Taken . | . . . . . . . Unknown Exits Taken 6 | 1 1 1 1 1 1 . Scrap Searched . | . . . . . . . Spaces Dug 55 | . . . 3 20 9 23 Terrain Destroyed 228 | . . 46 69 20 30 63 Melee 26 | . . . . 20 4 2 Projectile 9 | . . 1 8 . . . AOE 193 | . . 45 61 . 26 61 Terrain Rammed . | . . . . . . . Walls Destroyed . | . . . . . . . Machines Disabled . | . . . . . . . Actions | -11 -10 -9 -8 -7 -6 -6 --------- Run | Yrd Mat Mat Mat Fac Fac Ext Total 9080 | 87 136 283 424 1051 143 6956 Wait 6623 | 18 . 16 13 92 14 6470 Move 1858 | 40 132 195 282 791 108 310 Hop . | . . . . . . . Pick Up 65 | 2 2 5 23 20 2 11 Fast Attach 31 | 1 . 8 6 10 . 6 Attach 34 | . . 3 14 11 3 3 Detach 7 | . . 3 . 4 . . Swap 31 | . . 3 10 9 3 6 Drop 34 | . 2 4 6 15 . 7 Fire 211 | 26 . 46 70 27 8 34 Melee 88 | . . . . 72 5 11 Ram . | . . . . . . . Kick . | . . . . . . . Crush . | . . . . . . . Escape Stasis . | . . . . . . . Rewire 98 | . . . . . . 98 Trap . | . . . . . . . Miscellaneous . | . . . . . . . Route ------- -11/Scrapyard -10/Materials (discovered 3 exits: *Mat / Min x2) -9/Materials (discovered 2 exits: *Mat / [*Min]) -8/Materials -7/Factory (discovered 2 exits: *Fac / [*Low]) -6/Factory -6/Extension History --------- Turn | Location | Event 21 | -11/Scrapyard | Discovered new exit (range 3) 149 | -11/Scrapyard | Entered Materials 173 | -10/Materials | Identified exit to Mines 298 | -10/Materials | Discovered new exit (range 12) 307 | -10/Materials | Build established: Mutant 311 | -10/Materials | Entered another Materials area 311 | -9/Materials | Evolved 2 slots: Propulsion x1, Utility x1 432 | -9/Materials | Discovered new exit (range 16) 615 | -9/Materials | Lost 4 parts (1p1n2w) 617 | -9/Materials | Destroyed 9 combat bots 720 | -9/Materials | Discovered new exit (range 6) 732 | -9/Materials | Entered another Materials area 732 | -8/Materials | Evolved 2 slots: Propulsion x1, Utility x1 832 | -8/Materials | Garrison activated, responded to threat 945 | -8/Materials | Build established: Scavenger-Mutant 1461 | -8/Materials | Destroyed 7 combat bots 1468 | -8/Materials | Lost 11 parts (5n4u2w) 1501 | -8/Materials | Discovered new exit (range 3) 1504 | -8/Materials | Entered Factory 1504 | -7/Factory | Evolved 2 slots: Power x1, Weapon x1 1891 | -7/Factory | Build established: Scavenger-Skirmisher 1896 | -7/Factory | Garrison activated, responded to threat 1957 | -7/Factory | Lost 5 parts (1p2u2w) 2055 | -7/Factory | Lost 6 parts (2p1n2u1w) 2530 | -7/Factory | Noticed a derelict Sapper rigging charges 2624 | -7/Factory | Discovered new exit (range 5) 2696 | -7/Factory | Discovered new exit (range 15) 2807 | -7/Factory | Entered another Factory area 2807 | -6/Factory | Evolved 2 slots: Propulsion x2 2926 | -6/Factory | Discovered new exit (range 6) 2971 | -6/Factory | Entered Extension 2989 | -6/Extension | Disrupted transfer network 3000 | -6/Extension | Lost 6 parts (2p2n2w) 3109 | -6/Extension | Build established: Mutant 3452 | -6/Extension | Rescued a captive Derelict 3472 | -6/Extension | Spotted B-75 Beast 3575 | -6/Extension | Crushed by falling debris 3575 | -6/Extension | System corruption reached 10% 3580 | -6/Extension | Crushed by falling debris 3606 | -6/Extension | Lost 3 parts (1n1u1w) 3612 | -6/Extension | Crushed by falling debris 3612 | -6/Extension | Core integrity fell below 50% 3648 | -6/Extension | Rescued a captive Derelict 3649 | -6/Extension | Rescued a captive Derelict 3746 | -6/Extension | Crushed by falling debris 3746 | -6/Extension | Core integrity fell below 20% 3750 | -6/Extension | Crushed by falling debris 3759 | -6/Extension | Crushed by falling debris 3781 | -6/Extension | Lost 4 parts (1p2n1u) 10000 | -6/Extension | Released all parts (3) 10000 | -6/Extension | Self-destructed Last Messages --------------- 09987_ AZPFMGJZXMQPWO>8UPAG/IP2ZTWV 10000_ Released Broken Thermoblaster. 10000_ Released Hcp. Storage Unit. 10000_ Hcp. Storage Unit crushed and broken. 10000_ Carbon-fiber Leg crushed and broken. 10000_ Imp. Grenade Launcher crushed and broken. 10000_ Hvy. Laser crushed and broken. 10000_ Transmission Jammer crushed and broken. 10000_ Terrain Scan Processor crushed and broken. 10000_ Phasing Sabre crushed and broken. 10000_ Arm. Wheel crushed and broken. 10000_ Gauss Cannon crushed and broken. 10000_ Lyr. Medium Armor Plating crushed and broken. 10000_ Gauss Rifle+ crushed and broken. 10000_ Energy Well crushed and broken. 10000_ Huge Storage Unit crushed and broken. 10000_ Adv. Terrain Scanner crushed and broken. 10000_ Hpw. Tractor Beam crushed and broken. 10000_ Released Broken Neutrino Core. 10000_ Broken Neutrino Core crushed and broken. Map ----- +----------------------------------------------------+ | | | | | | | | | | | | | | | | | | | | | | | ?????????????????????????????????????????????????? | | ?????????????????????????????????????????????????? | | ?????????????????????????????????????????????????? | | ?????????????????????????????????????????????????? | | ?????????????????????????????????????????????????? | | ????????????????????##???????????????????????????? | | ????????###???????## #???????????????????????????? | | ????????# #???##### #???????????????????????????? | | ???????## #???# # #???????????????????????????? | | ???????#T #?### ####????????????????????????? | | ?#######" ### ## ###??????????????????????? | | ?# ## # # #??????????????????????? | | ?# # ##"""#??????????????????????? | | ## %####### "######??????????????????????? | | % #?????####??#@##?????????????????????? | | ######## #???????????#####????????????????????? | | ???????# #?????????? T# ##????????????????????? | | ???????# #????????# #### #????????????????????? | | ???????# #???????# ???####????????????????????? | | ???????# #???????#????????????????????????????? | | ???????# #????????????????????????????????????? | | ???????# #????????????????????????????????????? | | ???#####""# #????????????????????????????????????? | | ???# # #????????????????????????????????????? | | ???# =]!# #????????????????????????????????????? | | ???# [ !%[+ #????????????????????????????????????? | | ???# %]#%#????????????????????????????????????? | | ???# " #????????????????????????????????????? | | ???# !!= # #????????????????????????????????????? | | ???######## #????????????????????????????????????? | | ??????????# #????????????????????????????????????? | | ??????????# #????????????????????????????????????? | | ??????????" "????????????????????????????????????? | | ?????????? "????????????????????????????????????? | | ?????????? ????????????????????????????????????? | | ?????????? ????????????????????????????????????? | | ?????????? ????????????????????????????????????? | | ?????????? ????????????????????????????????????? | | ?????????? ????????????????????????????????????? | +----------------------------------------------------+ Best States ------------- Heat Dissipation 72 Energy Generation 32 Energy Capacity 865 Matter Stores 300 Matter Capacity 300 Sight Range 16 Terrain Scan Range 20 Terrain Scan Density 85 Additional Mass Support 6 Armor Coverage 225 Core Shielding 20 Weapon Cycling 15 Evasion (%) 55 Targeting Accuracy 8 Melee Accuracy 5 Recoil Reduction 4 Item Schematics ----------------- None Robot Schematics ------------------ None Fabricated ------------ Nothing Repaired ---------- Nothing Studied --------- Minigun | -8/Materials | Hacked Lgt. Treads | -8/Materials | Hacked Rnf. Ion Engine | -8/Materials | Hacked Gauss Rifle | -7/Factory | Hacked Powered Hammer | -7/Factory | Hacked Alien Tech Used ----------------- None Achievements -------------- None Challenges ------------ None Game ------ Seed ProjectilePulseChargecaster Manual? 0 Play Time 01:20:27 Cumulative 198.4 hours Start 2026.02.21 @ 18:44:15 End 2026.03.01 @ 15:05:07 Sessions 23 Manual Loads 0 Difficulty Rogue Special Mode None Game No. 323 Rogue 319 Adventurer 0 Explorer 4 Win Type - Total 0 Types 0/0/0/0/0/0/0/0/0/0 Lore% 27 Gallery% 43 Achievement% 30 Wizard Run 0 Options --------- Layout 0 ASCII 0 Keyboard 1 Movement Arrows Keybinds 0 Fullscreen 1 Font 24/Smallcaps Map View 183x50 Zoom Use 0% Tactical HUD 1 Map Filters NONE Filters NONE Steam 1 RUN: 7b5c5387-1ad1-4fca-8c1e-5b52be6c05a1